 Dungeon Crawl Stone Soup version 0.20-a0-1117-g62da73f (webtiles) character file.

455910 Lochraine the Brawler (level 22, -7/231 (232) HPs)
             Began as a Troll Warper on May 8, 2017.
             Was a High Priest of Nemelex Xobeh.
             Killed from afar by an ogre mage (12 damage)
             ... with a bolt of fire
             ... summoned by a boggart
             ... while paralysed by a vampire knight
             ... on level 3 of the Depths on May 9, 2017.
             The game lasted 04:41:25 (51158 turns).

Lochraine the Brawler (Troll Warper)               Turns: 51158, Time: 04:41:26

HP:   -7/231 (232)  AC: 20    Str: 25    XL:     22   Next: 98%
MP:   33/33         EV:  1    Int: 10    God:    Nemelex Xobeh [*****.]
Gold: 2711          SH:  0    Dex: 15    Spells: 7/29 levels left

rFire    + + .     SeeInvis +     - Unarmed
rCold    . . .     Gourm    +   t - +5 shield {AC+3}
rNeg     + . .     Faith    .   r - +0 fire dragon scales
rPois    .         Spirit   .   F - +2 hat of Poor Excuses {rN+}
rElec    .         Reflect  .   Z - scarf {repulsion}
rCorr    .         Harm     .   (gloves unavailable)
MR       +....                  (boots unavailable)
Stlth    ..........             s - amulet of regeneration
Regen    1.3/turn               z - ring of see invisible
MPRegen  0.3/turn               N - ring of protection from cold

@: paralysed, repel missiles
A: unfitting armour, claws 3, fast metabolism 3, gourmand, regeneration 1,
shaggy fur 1, tough skin 2
}: 3/15 runes: serpentine, barnacled, silver
a: Triple Draw, Deal Four, Stack Five, Renounce Religion


You were on level 3 of the Depths.
You worshipped Nemelex Xobeh.
Nemelex Xobeh was extremely pleased with you.
You were completely stuffed.

You visited 7 branches of the dungeon, and saw 39 of its levels.
You visited the Abyss 1 time.
You also visited: Ossuary, Volcano and Desolation.

You collected 4706 gold pieces.
You spent 1995 gold pieces at shops.

Inventory:

Armour
 r - +0 fire dragon scales (worn)
   (You found it in a volcano)
 t - a +5 shield of protection (worn)
   (You acquired it on level 3 of the Lair of Beasts)
 F - the +2 hat of Poor Excuses (worn) {rN+}
   (You acquired it on level 3 of the Lair of Beasts)

   It protects you from negative energy.
 Z - a scarf of repulsion (worn)
   (You found it on level 14 of the Dungeon)
Jewellery
 l - an uncursed ring of protection from magic
   (You bought it in a shop on level 4 of the Vaults)
 s - an amulet of regeneration (around neck)
   (You found it on level 3 of the Dungeon)
 z - a ring of see invisible (left claw)
   (You found it on level 6 of the Lair of Beasts)
 N - a ring of protection from cold (right claw)
   (You bought it in a shop on level 2 of the Orcish Mines)
 Y - the ring "Jentara" {-Tele rElec rPois rN+ Int+4}
   (You bought it in a shop on level 2 of the Orcish Mines)

   [ring of positive energy]

   It affects your intelligence (+4).
   It insulates you from electricity.
   It protects you from poison.
   It protects you from negative energy.
   It prevents most forms of teleportation.
Wands
 d - a wand of iceblast (3/15)
   (You found it on level 3 of the Vaults)
 f - a wand of lightning (7/15)
   (You found it on level 4 of the Shoals)
 n - a wand of enslavement (23/24)
   (You found it on level 5 of the Dungeon)
 p - a wand of clouds (3/9)
   (You found it on level 3 of the Depths)
 y - a wand of acid (1/15)
   (You found it on level 5 of the Vaults)
 T - a wand of digging (23/24)
   (You found it on level 4 of the Lair of Beasts)
Scrolls
 e - 2 scrolls of blinking
 g - 12 scrolls of identify {@r1}
 m - 2 scrolls of magic mapping
 C - a scroll of silence
 J - 4 scrolls of recharging
 O - 2 scrolls of fog
 P - 7 scrolls of teleportation {@r4}
 Q - 16 scrolls of remove curse {@r2}
Potions
 b - 4 potions of heal wounds {@q2}
 h - 8 potions of haste {@q3}
 i - a potion of resistance
 k - a potion of invisibility
 w - 5 potions of agility
 A - 26 potions of curing {@q1}
 B - 4 potions of berserk rage
 I - 3 potions of might
 L - 6 potions of mutation {!q}
 M - 5 potions of ambrosia
 R - 3 potions of cancellation
 V - 2 potions of lignification {!q}
Miscellaneous
 a - a plain deck of escape {the Elixir, left: 5}
   (Nemelex Xobeh gifted it to you on level 3 of the Depths)
 c - a plain deck of destruction
   (Nemelex Xobeh gifted it to you on level 3 of the Depths)
 j - a legendary deck of escape {the Shaft, left: 4}
   (Nemelex Xobeh gifted it to you on level 4 of the Vaults)
 o - a phantom mirror
 u - a plain deck of summoning
   (Nemelex Xobeh gifted it to you on level 2 of the Depths)
 v - a legendary deck of summoning {drawn: 10}
   (Nemelex Xobeh gifted it to you on level 4 of the Vaults)
 D - a plain deck of destruction {drawn: 4}
   (Nemelex Xobeh gifted it to you on level 1 of the Depths)
 E - a lightning rod (4/4) {!a}
   (You found it on level 4 of the Shoals)
 G - an ornate deck of summoning {drawn: 6}
   (Nemelex Xobeh gifted it to you in the Desolation of Salt)
 H - an ornate deck of escape {drawn: 5}
   (Nemelex Xobeh gifted it to you on level 4 of the Vaults)
 K - an ornate deck of destruction {drawn: 1}
   (Nemelex Xobeh gifted it to you on level 2 of the Abyss)
 U - a legendary deck of summoning
   (Nemelex Xobeh gifted it to you on level 14 of the Dungeon)
 W - 2 boxes of beasts
 X - an ornate deck of summoning
   (Nemelex Xobeh gifted it to you on level 1 of the Depths)
Comestibles
 q - 16 bread rations
 S - 32 royal jellies


   Skills:
 + Level 16.5 Fighting
 - Level 0.8 Throwing
 - Level 12.0 Armour
 - Level 9.0 Dodging
 - Level 9.0 Shields
 + Level 19.2 Unarmed Combat
 - Level 4.2 Spellcasting
 - Level 5.0 Charms
 - Level 6.5 Translocations
 + Level 17.1 Invocations
 * Level 7.5 Evocations


You had 7 spell levels left.
You knew the following spells:

 Your Spells              Type           Power        Failure   Level  Hunger
a - Song of Slaying       Chrm           ##......     10%         2    ##.....
b - Blink                 Tloc           N/A          5%          2    ##.....
c - Teleport Other        Tloc           ###.....     11%         3    ###....
d - Gell's Gravitas       Tloc           ###.......   11%         3    ###....
e - Summon Butterflies    Summ           #.......     50%         1    #......
q - Lesser Beckoning      Tloc           ###.......   11%         3    ###....
s - Swiftness             Chrm/Air       #.......     28%         2    ##.....
v - Passage of Golubria   Tloc           N/A          36%         4    #####..
A - Shroud of Golubria    Chrm/Tloc      ##........   8%          2    ##.....


Dungeon Overview and Level Annotations

Branches:
Dungeon (15/15)            Temple (0/1) D:6            Lair (6/6) D:8
 Shoals (4/4) Lair:3        Snake (4/4) Lair:2        Slime (0/5) Lair:5
    Orc (2/2) D:12            Elf (0/3) Orc:2        Vaults (5/5) D:14
  Crypt (0/3) Vaults:3     Depths (3/5) D:15

Altars:
Ashenzari
Cheibriados
Elyvilon
Fedhas
Kikubaaqudgha
Nemelex Xobeh
Qazlal
Vehumet
Xom
Yredelemnul
Zin
The Shining One
Beogh
Jiyva

Shops:
D:6 ?   D:7 [   D:15 (   Orc:2 =[([   Snake:4 !   Vaults:3 *   Vaults:4 =%=
Depths:2 !

Portals:
Hell: Depths:1 Depths:2 Depths:3
Abyss: Depths:1
Pandemonium: Depths:3
Trove: Depths:1 (give +3 storm dragon scales)

Annotations:
D:14 exclusion: 2 ice statues
Lair:5 exclusion: 3 oklob plants
Lair:6 exclusion: oklob plant
Depths:3 1 exclusion


Innate Abilities, Weirdness & Mutations

You are too large for most types of armour.
You have claws for hands.
Your metabolism is lightning-fast.
You like to eat raw meat.
Your natural rate of healing is unusually fast.
You are covered in fur. (AC +1)
You have very tough skin. (AC +2)


Message History

The vampire knight gestures wildly while chanting.
The vampire knight flickers and vanishes for a moment.
The boggart mumbles some strange words.
The shadow demon closely misses you.
You scratch the shadow demon but do no damage.
The vampire knight is infused with unholy energy.
The vampire knight draws life force from you and is healed!
The boggart mumbles some strange words.
The boggart blinks!
You block the sixfirhy's attack.
You completely miss the shadow demon. You block the sixfirhy's attack.
The sixfirhy closely misses you. The centaur warrior hits you!
The vampire knight hits you but does no damage.
The vampire knight bites you. The shadow demon hits you. The sixfirhy hits you.
The sixfirhy shocks you!
You eviscerate the shadow demon!!!
You kill the shadow demon!
The soul eater disappears in a puff of smoke!
The centaur warrior dissolves into shadows!
The centaur dissolves into shadows! x3
The sixfirhy disappears in a puff of smoke!
The vampire knight casts a spell at you.
You suddenly lose the ability to move!
The ogre mage gestures at you while chanting.
The bolt of cold hits you!
The vampire knight is infused with unholy energy.
The vampire knight draws life force from you and is healed!
The vampire knight completely misses you.
The vampire knight bites you.
The vampire knight is infused with unholy energy.
The vampire knight draws life force from you and is healed!
The vampire knight hits you with a great mace.
The vampire knight barely misses you.
The ogre mage points at you and mumbles some strange words.
Helpless, you fail to dodge the crystal spear.
* * * LOW HITPOINT WARNING * * *
You hear a shout!
The vampire knight hits you with a great mace!
* * * LOW HITPOINT WARNING * * *
The vampire knight bites you but does no damage.
The two-headed ogre hits you with a giant spiked club!!
* * * LOW HITPOINT WARNING * * *
The two-headed ogre hits you with a giant spiked club!
* * * LOW HITPOINT WARNING * * *
The ogre hits you with a giant spiked club!
* * * LOW HITPOINT WARNING * * *
The ogre mage points at you and mumbles some strange words.
Helpless, you fail to dodge the bolt of fire.
You resist.
You die...
Your body glows with a rainbow of weird colours and disappears.

≈≈≈≈.....##.......##
#.......#
≈≈≈.....##..#...#..#
#.#######
#≈≈.######..#...#..#
#:#######
≈≈≈.######..#...#..##
#........
...+...##.§#.)#.§#§.#
#.#######
...######.§§..#.§§§.#
###.# ...#
##.§#§.#.∩#§.#
#...####### ...#
#§.#..###.V#..
###........ ...#
#..#..# #@O# .
#.####### ####
##..#..# #OO# #.# ..#
#.§#§.## ##OO#
#.####### #.# #.i§§.'
'g.O§. #.......# #.#
#.§#..' '.§#§.#
#.#####.) #.###
..#§§## ##..#..##.#
#.# #...##..#..
..#.§##.#####.#
#>####..#..# ..#
§###......# #.#
.§#..## #......#


You could see a vampire knight (invisible), 2 two-headed ogres, an ogre mage, 3
ogres and a boggart.

Vanquished Creatures
  A caustic shrike (Depths:2)
  4 golden dragons (Vaults:5)
  A bone dragon (Abyss:2)
  A Tzitzimitl (Vaults:5)
  The ghost of Dominolapin the Gelid, an adept BaIE of Sif Muna (Desolation)
  5 tentacled monstrosities
  4 titans
  A quicksilver dragon (Vaults:2)
  7 sphinxes
  Agnes (D:15)
  2 shadow dragons (Vaults:5)
  3 tengu reavers (Vaults:5)
  5 storm dragons
  5 nagarajas (Snake:4)
  2 orc warlords
  5 deep elf sorcerers
  11 fire giants
  3 frost giants
  An iron dragon (Vaults:5)
  A balrug (Depths:1)
  10 vault wardens
  Louise (Snake:1)
  8 ironheart preservers
  A war gargoyle (Vaults:5)
  The ghost of kuniqs the Thaumaturge, a journeyman GnEE of Hepliaklqana (Volcano)
  A ghoul (Vaults:1)
  17 very ugly things
  12 stone giants
  3 vampire knights
  A deep elf demonologist (Vaults:5)
  Nessos (D:12)
  2 deep elf annihilators
  4 merfolk javelineers
  Snorg (D:11)
  A yellow draconian (Abyss:2)
  7 ettins
  A crystal guardian (Desolation)
  An ettin (shapeshifter) (Vaults:5)
  A minotaur (Lair:5)
  3 merfolk impalers
  A deep elf death mage (Vaults:5)
  A ragged hierophant (Desolation)
  A minotaur (shapeshifter) (Vaults:5)
  6 fire dragons
  5 yaktaur captains
  27 vault guards
  5 rakshasas
  4 naga warriors
  8 great orbs of eyes
  2 peacekeepers (Desolation)
  8 ice dragons
  A great orb of eyes (shapeshifter) (Vaults:5)
  A servant of whispers (Desolation)
  3 death knights
  A catoblepas (Lair:2)
  8 centaur warriors
  3 merfolk avatars
  6 anacondas
  29 two-headed ogres
  2 alligator snapping turtles
  A queen ant (Vaults:5)
  4 tengu warriors (Depths:2)
  4 merfolk aquamancers
  9 ogre magi
  3 death yaks
  A dancing weapon (Vaults:5)
  4 thrashing horrors (Abyss:2)
  3 deep troll shamans
  2 vampire magi
  3 deep troll earth magi
  8 naga sharpshooters
  3 orc high priests (Orc:2)
  6 shock serpents
  A soul eater (Depths:2)
  3 sun demons
  2 wretched stars (Abyss:2)
  A storm dragon skeleton (Vaults:2)
  A fire crab (Depths:3)
  2 salamander mystics
  A death drake (shapeshifter) (D:13)
  5 deep elf knights
  7 skeletal warriors
  A naga ritualist (Snake:3)
  2 shadow demons (Depths:3)
  3 shadow wraiths
  An iron troll (Depths:3)
  3 flayed ghosts
  4 unseen horrors
  9 deep trolls
  3 glowing orange brains
  14 sea snakes
  2 death drakes
  A deep troll (shapeshifter) (Vaults:1)
  5 deep elf archers
  8 wizards
  3 necromancers
  A phantasmal warrior (Vaults:5)
  18 harpies
  A sphinx zombie (Vaults:2)
  Pikel (D:8)
  A harpy (shapeshifter) (Vaults:1)
  9 deep elf magi
  10 orc knights
  11 ironbrand convokers
  26 ugly things
  4 wolf spiders
  7 mana vipers
  3 orc sorcerers
  18 manticores
  10 salamanders
  4 cyclopes
  2 worldbinders (Depths:3)
  2 fauns (shapeshifter) (Depths:2)
  4 fauns (Shoals:1)
  7 elephants
  Maurice (D:8)
  A stone giant skeleton (Depths:2)
  A salamander (shapeshifter) (D:12)
  A guardian serpent (shapeshifter) (Vaults:5)
  10 vault sentinels
  A moth of wrath (shapeshifter) (Depths:3)
  8 merfolk sirens
  4 water nymphs
  An eye of devastation (shapeshifter) (Depths:3)
  A guardian serpent (Snake:4)
  24 black mambas
  12 naga magi
  Psyche (D:8)
  A water nymph (shapeshifter) (D:15)
  2 fire giant skeletons (Vaults:2)
  2 centaur skeletons
  A torpor snail (Lair:6)
  3 smoke demons (Abyss:2)
  11 spiny frogs
  2 molten gargoyles (Depths:3)
  2 ice statues (D:14)
  2 efreet
  8 komodo dragons
  4 rime drakes
  20 yaktaurs
  An ice devil (Lair:1)
  2 hellwings (Depths:2)
  6 freezing wraiths
  2 tengu conjurers (Depths:2)
  2 ancient zymes (Abyss:2)
  4 polar bears (Lair:6)
  A demonic crawler (Abyss:2)
  4 jumping spiders
  A queen bee (Snake:4)
  3 trolls
  A meliai (shapeshifter) (D:15)
  9 hornets
  10 saltlings
  30 merfolk
  A tyrant leech (Vaults:3)
  8 wind drakes
  2 raiju
  9 blink frogs
  An ettin zombie (Vaults:2)
  3 snapping turtles
  6 hippogriffs
  11 slime creatures
  2 dream sheep (Lair:6)
  A snapping turtle (shapeshifter) (D:15)
  4 redbacks (Depths:3)
  9 starcursed masses (Abyss:2)
  3 shadows (Depths:3)
  2 wyverns
  A vampire (D:12)
  3 large abominations (Abyss:2)
  A tarantella (Depths:3)
  2 yaks (shapeshifter)
  A human (D:14)
  2 fire bats (Volcano)
  8 spriggans (Lair:6)
  A tarantella (shapeshifter) (Vaults:5)
  A basilisk (shapeshifter) (Vaults:5)
  6 wraiths
  7 water elementals
  28 yaks
  A basilisk (D:14)
  2 fire elementals (Depths:3)
  3 hungry ghosts
  9 vampire mosquitoes
  2 neqoxecs (Abyss:2)
  A spatial vortex (Depths:3)
  5 wargs
  A soldier ant (D:12)
  3 insubstantial wisps
  43 nagas
  2 acid dragons
  10 porcupines
  A hell hound (Volcano)
  A slave (D:8)
  14 water moccasins
  5 phantoms
  2 black bears
  16 ice beasts
  3 sky beasts
  14 ogres
  An eye of draining (D:10)
  2 necrophages (D:13)
  37 orc warriors
  22 centaurs
  16 boggarts
  25 wolves
  14 crocodiles
  An orc skeleton (Vaults:2)
  A big kobold (shapeshifter) (Depths:2)
  3 big kobolds
  Blork the orc (D:4)
  17 bullfrogs
  A wyvern zombie (D:13)
  3 scorpions
  A wyvern skeleton (D:11)
  20 killer bees
  2 small abominations (Abyss:2)
  5 howler monkeys
  2 electric eels (Lair:6)
  2 lava snakes (Depths:3)
  8 crimson imps
  7 human zombies
  A human simulacrum (Vaults:2)
  5 centaur zombies
  7 jellies
  5 hounds
  3 quasits
  19 orc priests
  26 orc wizards
  An iguana (D:12)
  Ijyb (D:4)
  8 worker ants
  A big kobold zombie (Ossuary)
  2 mummies (Ossuary)
  A howler monkey zombie (D:6)
  A worker ant zombie (D:5)
  A howler monkey skeleton (D:7)
  15 adders
  2 shadow imps
  A white imp (Vaults:3)
  2 ufetubi (Abyss:2)
  8 oozes
  An adder skeleton (D:7)
  2 adder zombies (Ossuary)
  A worm (D:3)
  2 dart slugs (D:1)
  4 leopard geckos
  91 orcs
  2 ball pythons
  4 bats
  2 giant cockroaches
  13 goblins
  9 hobgoblins
  7 jackals
  29 kobolds
  8 quokkas
  10 frilled lizards
  2 goblin zombies (Ossuary)
  4 hobgoblin zombies (Ossuary)
  18 kobold zombies (Ossuary)
  4 orc zombies (Ossuary)
  4 rats
  2 fungi (Lair:6)
  5 plants (Lair:6)
  A starspawn tentacle (Abyss:2)
1522 creatures vanquished.

Vanquished Creatures (collateral kills)
  A shard shrike (Vaults:5)
  Rupert (D:14)
  A lich (Vaults:5)
  A titan (Vaults:5)
  A quicksilver dragon (Vaults:5)
  A sphinx (Vaults:5)
  A tentacled starspawn (Abyss:2)
  A nagaraja (Snake:4)
  4 vault wardens
  An ironheart preserver (Vaults:2)
  A reaper (Abyss:2)
  3 stone giants
  A deep elf annihilator (Vaults:4)
  A deep elf death mage (Vaults:5)
  A crystal guardian (Desolation)
  2 merfolk impalers
  2 fire dragons (Depths:2)
  3 yaktaur captains (Vaults:5)
  A deep elf high priest (Vaults:5)
  A ragged hierophant (Desolation)
  An ogre mage (Vaults:1)
  A great orb of eyes (Depths:2)
  A hydra (shapeshifter) (Vaults:5)
  A servant of whispers (Desolation)
  A centaur warrior (D:14)
  A death knight (Vaults:1)
  An alligator snapping turtle (Shoals:3)
  6 two-headed ogres
  2 death yaks
  A merfolk avatar (Shoals:2)
  2 naga sharpshooters (Snake:1)
  A shadow wraith (Vaults:2)
  An iron troll (Depths:3)
  2 sea snakes
  A deep troll (Depths:1)
  A glowing orange brain (Vaults:1)
  4 ironbrand convokers
  2 orc knights
  2 harpies
  7 ugly things
  2 manticores
  A cyclops (Vaults:2)
  6 slime creatures
  2 fauns (Shoals:1)
  3 vault sentinels
  A water nymph (Vaults:3)
  A merfolk siren (Shoals:1)
  A rime drake (Lair:6)
  A yaktaur (Vaults:3)
  4 komodo dragons
  A demonic crawler (Abyss:2)
  The ghost of Monsterracer the Geomancer, a novice GrEE of Ashenzari (D:5)
  An ice devil (Lair:1)
  A polar bear (Lair:6)
  A hornet (Lair:6)
  A wind drake (Shoals:4)
  6 merfolk
  A saltling (Desolation)
  4 dream sheep (Lair:6)
  2 snapping turtles
  5 spriggans (Lair:6)
  A wraith (D:11)
  11 yaks
  A human (D:14)
  A basilisk (Lair:4)
  Grum (D:10)
  4 nagas
  An acid dragon (D:13)
  A large abomination (Abyss:2)
  A porcupine (Lair:5)
  A water moccasin (Lair:6)
  3 orc warriors
  An eye of draining (Vaults:2)
  An ice dragon simulacrum (Abyss:2)
  A boggart (Lair:6)
  A black bear (D:11)
  A wolf (Lair:6)
  3 ogres
  A centaur (D:10)
  A crocodile (Lair:6)
  A bullfrog (D:7)
  A howler monkey (D:11)
  A small abomination (Abyss:2)
  2 electric eels (Lair:6)
  A crimson imp (D:6)
  2 orc priests
  An orc wizard (D:13)
  4 orcs
  A jackal (D:5)
  A giant cockroach zombie (D:5)
  3 crawling corpses (Vaults:5)
  A starspawn tentacle (Abyss:2)
169 creatures vanquished.

Vanquished Creatures (others)
  A sphinx (Shoals:4)
  A fire giant (Vaults:5)
  A deep elf elementalist (Vaults:5)
  A stone giant (Vaults:5)
  A merfolk impaler (Shoals:4)
  An ogre mage (Vaults:1)
  A hydra (Lair:5)
  7 vault guards (Vaults:5)
  A two-headed ogre (Vaults:5)
  Urug (D:14)
  2 deep elf knights
  A wizard (D:14)
  A sea snake (Shoals:4)
  An unseen horror (Vaults:2)
  2 deep trolls (Vaults:3)
  A harpy (Vaults:2)
  A glowing orange brain (D:15)
  A lindwurm (Depths:3)
  2 deep elf magi
  7 ugly things (Vaults:1)
  A spiny frog (Snake:4)
  A queen bee (Lair:1)
  A jumping spider (shapeshifter) (D:14)
  A wind drake (Vaults:2)
  A snapping turtle (Snake:4)
  A dream sheep (Lair:6)
  A shadow (Depths:3)
  6 yaks
  A hog (Snake:4)
  A fire bat (Snake:4)
  15 humans
  2 ogres (Vaults:1)
  A black bear (Snake:4)
  A boggart (Snake:4)
  3 centaurs (Volcano)
  A small abomination (Abyss:2)
  17 killer bees (Lair:1)
  2 orc priests
  16 ball lightnings
  9 orcs
  A fire vortex (Depths:1)
  9 fungi
  A lurking horror (Abyss:2)
  33 plants
  5 starspawn tentacles (Abyss:2)
166 creatures vanquished.

Grand Total: 1857 creatures vanquished

Notes
Turn   | Place    | Note
-------+----------+-------------------------------------------
     0 | D:1      | Lochraine the Troll Warper began the quest for the Orb.
     0 | D:1      | Reached XP level 1. HP: 19/19 MP: 1/1
   150 | D:1      | Reached XP level 2. HP: 28/28 MP: 2/2
   542 | D:1      | Reached XP level 3. HP: 31/35 MP: 3/3
  1005 | D:2      | Found a stormy altar of Qazlal.
  1008 | D:2      | Found a glowing silver altar of Zin.
  1008 | D:2      | Found a shimmering altar of Xom.
  1011 | D:2      | Found a sparkling altar of Nemelex Xobeh.
  1039 | D:2      | Became a worshipper of Nemelex Xobeh the Trickster
  1069 | D:2      | Reached skill level 3 in Unarmed Combat
  1095 | D:2      | Received a gift from Nemelex Xobeh
  1348 | D:2      | Reached XP level 4. HP: 44/44 MP: 4/4
  1592 | D:3      | Reached skill level 1 in Invocations
  1596 | D:3      | Found a white marble altar of Elyvilon.
  1744 | D:3      | Found a basalt altar of Yredelemnul.
  1968 | D:3      | Found a glowing golden altar of the Shining One.
  2004 | D:4      | Noticed Ijyb
  2017 | D:3      | Reached XP level 5. HP: 48/52 MP: 5/5
  2074 | D:4      | Killed Ijyb
  2370 | D:4      | Noticed a phantom
  2391 | D:4      | Reached XP level 6. HP: 57/61 MP: 6/6
  2426 | D:4      | Reached skill level 4 in Unarmed Combat
  2475 | D:4      | Noticed Blork the orc
  2484 | D:4      | Killed Blork the orc
  2668 | D:4      | Noticed Edmund
  2674 | D:4      | Noticed Edmund
  2674 | D:4      | Edmund changed into Edmund the howler monkey
  2685 | D:4      | Killed Edmund the howler monkey
  2783 | D:5      | Entered Level 5 of the Dungeon
  2846 | D:5      | Reached * piety under Nemelex Xobeh
  2918 | D:5      | Reached XP level 7. HP: 64/68 MP: 7/7
  2983 | D:5      | Received a gift from Nemelex Xobeh
  2992 | D:5      | Noticed Monsterracer's ghost (novice GrEE)
  3000 | D:5      | Killed Monsterracer's ghost
  3009 | D:5      | Found a radiant altar of Vehumet.
  3126 | D:5      | Found a sand-covered staircase.
  3131 | Ossuary  | Entered an ossuary
  3266 | Ossuary  | Reached skill level 5 in Unarmed Combat
  3325 | Ossuary  | Reached XP level 8. HP: 79/79 MP: 9/9
  3535 | D:5      | Found a snail-covered altar of Cheibriados.
  3620 | D:6      | Found Kuda's Magic Scroll Shoppe.
  3640 | D:6      | Bought a scroll of teleportation for 33 gold pieces
  3640 | D:6      | Bought a scroll of teleportation for 33 gold pieces
  3640 | D:6      | Bought a scroll of teleportation for 33 gold pieces
  3640 | D:6      | Bought a scroll of teleportation for 33 gold pieces
  3640 | D:6      | Bought a scroll of identify for 22 gold pieces
  3798 | D:6      | Reached ** piety under Nemelex Xobeh
  3818 | D:6      | Received a gift from Nemelex Xobeh
  4227 | D:6      | Found a staircase to the Ecumenical Temple.
  4482 | D:7      | Reached skill level 5 in Fighting
  4482 | D:7      | Reached skill level 6 in Unarmed Combat
  4500 | D:7      | Found Vuophutu's Armour Shoppe.
  4810 | D:7      | Learned a level 2 spell: Blink
  4949 | D:7      | Identified the Catalogue of Battle Magic and Beguiling
  4988 | D:7      | Noticed a hippogriff
  4999 | D:7      | Killed a hippogriff
  4999 | D:7      | Reached skill level 5 in Dodging
  5104 | D:7      | Reached XP level 9. HP: 87/88 MP: 11/11
  5237 | D:8      | Found a staircase to the Lair.
  5245 | D:8      | Received a gift from Nemelex Xobeh
  5317 | D:8      | Noticed Psyche
  5319 | D:8      | Killed Psyche
  5319 | D:8      | Reached skill level 5 in Invocations
  5403 | D:8      | Reached *** piety under Nemelex Xobeh
  5433 | D:8      | Noticed Pikel
  5455 | D:8      | Killed Pikel
  6014 | D:8      | Noticed Maurice
  6031 | D:8      | Killed Maurice
  6031 | D:8      | Reached skill level 7 in Unarmed Combat
  6605 | D:9      | You fall through a shaft!
  6605 | D:10     | Entered Level 10 of the Dungeon
  6616 | D:10     | Reached XP level 10. HP: 98/98 MP: 13/13
  6804 | D:10     | Noticed a two-headed ogre
  6810 | D:10     | Killed a two-headed ogre
  7036 | D:10     | Noticed Grum
  7036 | D:10     | Noticed a two-headed ogre
  7041 | D:10     | Killed Grum
  7051 | D:10     | Killed a two-headed ogre
  7479 | D:10     | Received a gift from Nemelex Xobeh
  7693 | D:9      | Reached skill level 8 in Unarmed Combat
  8180 | D:9      | Reached **** piety under Nemelex Xobeh
  8428 | Lair:1   | Entered Level 1 of the Lair of Beasts
  8430 | Lair:1   | Reached XP level 11. HP: 109/109 MP: 15/15
  8431 | Lair:1   | Reached skill level 5 in Translocations
  8520 | Lair:1   | Learned a level 3 spell: Lesser Beckoning
  8677 | Lair:1   | Received a gift from Nemelex Xobeh
  8719 | Lair:1   | Found a glowing golden altar of the Shining One.
  9554 | Lair:2   | Learned a level 3 spell: Teleport Other
  9758 | Lair:2   | Found a staircase to the Snake Pit.
  9876 | Lair:2   | Reached skill level 9 in Unarmed Combat
 10200 | Lair:2   | Received a gift from Nemelex Xobeh
 10313 | Lair:2   | Noticed a catoblepas
 10412 | Lair:2   | Reached ***** piety under Nemelex Xobeh
 10772 | Lair:3   | Received a gift from Nemelex Xobeh
 10918 | Lair:3   | Reached skill level 1 in Evocations
 11057 | Lair:3   | Reached XP level 12. HP: 77/119 MP: 17/17
 11139 | Lair:3   | Identified a scroll of acquirement
 11140 | Lair:3   | Got an ancient hat
 11146 | Lair:3   | Identified the +2 hat of Poor Excuses {rN+} (You acquired it on level 3 of the Lair of Beasts)
 11293 | Lair:3   | Received a gift from Nemelex Xobeh
 11404 | Lair:3   | Found a staircase to the Shoals.
 11492 | Lair:3   | Received a gift from Nemelex Xobeh
 11809 | Lair:4   | Reached skill level 1 in Shields
 11994 | Lair:4   | Received a gift from Nemelex Xobeh
 12965 | Lair:5   | Received a gift from Nemelex Xobeh
 13106 | Lair:5   | Noticed a five-headed hydra
 13141 | Lair:5   | Noticed a minotaur
 13141 | Lair:5   | a five-headed hydra changed into a minotaur
 13147 | Lair:5   | Killed a minotaur
 13147 | Lair:5   | Reached skill level 10 in Unarmed Combat
 13234 | Lair:5   | Found a viscous altar of Jiyva.
 13234 | Lair:5   | Found a staircase to the Slime Pits.
 13489 | Lair:5   | Noticed a four-headed hydra
 13500 | Lair:5   | Killed a four-headed hydra
 13778 | Lair:6   | Entered Level 6 of the Lair of Beasts
 13861 | Lair:6   | Received a gift from Nemelex Xobeh
 14055 | Lair:6   | Reached XP level 13. HP: 76/131 MP: 19/19
 14056 | Lair:6   | Reached skill level 5 in Shields
 15231 | Lair:6   | Reached skill level 10 in Invocations
 15303 | Lair:6   | Received a gift from Nemelex Xobeh
 15637 | Lair:1   | Reached skill level 11 in Unarmed Combat
 15796 | D:11     | Noticed Snorg
 15882 | D:11     | Killed Snorg
 15938 | D:11     | Received a gift from Nemelex Xobeh
 15939 | D:11     | Reached ****** piety under Nemelex Xobeh
 16467 | D:12     | Found a staircase to the Orcish Mines.
 16493 | D:12     | Reached skill level 10 in Fighting
 16670 | D:12     | Noticed Nessos
 16908 | D:12     | Received a gift from Nemelex Xobeh
 17166 | D:12     | Killed Nessos
 17441 | D:12     | Reached XP level 14. HP: 112/143 MP: 20/20
 17602 | D:13     | Received a gift from Nemelex Xobeh
 17945 | D:13     | Received a gift from Nemelex Xobeh
 18366 | D:14     | Found a gate to the Vaults.
 18366 | D:14     | Noticed Urug
 18366 | D:14     | Noticed Rupert
 18367 | D:14     | Killed Urug
 18369 | D:14     | Killed Rupert
 18496 | D:14     | Found a blossoming altar of Fedhas.
 18697 | D:14     | Received a gift from Nemelex Xobeh
 18855 | D:14     | Reached skill level 1 in Armour
 19579 | D:14     | Received a gift from Nemelex Xobeh
 19768 | D:15     | Entered Level 15 of the Dungeon
 19788 | D:15     | Reached skill level 12 in Unarmed Combat
 19810 | D:15     | Noticed Agnes
 19837 | D:15     | Killed Agnes
 20226 | D:15     | Received a gift from Nemelex Xobeh
 20381 | D:15     | Found Esoleut's Antique Weapon Boutique.
 20417 | D:15     | Learned a level 2 spell: Shroud of Golubria
 20532 | D:15     | Reached XP level 15. HP: 137/153 MP: 22/22
 20713 | D:15     | Found a staircase to the Depths.
 20863 | D:15     | Received a gift from Nemelex Xobeh
 21045 | Orc:1    | Entered Level 1 of the Orcish Mines
 21527 | Orc:2    | Entered Level 2 of the Orcish Mines
 21624 | Orc:2    | Found a staircase to the Elven Halls.
 21629 | Orc:2    | Found a roughly hewn altar of Beogh.
 21690 | Orc:2    | Found Mokhum's Antique Armour Shop.
 21703 | Orc:2    | Found a dark tunnel.
 21716 | Volcano  | Entered a volcano
 21740 | Volcano  | Noticed kuniqs's ghost (journeyman GnEE)
 21785 | Volcano  | Killed kuniqs's ghost
 21800 | Volcano  | Received a gift from Nemelex Xobeh
 21893 | Volcano  | Reached XP level 16. HP: 162/162 MP: 23/23
 22017 | Orc:2    | Found a roughly hewn altar of Beogh.
 22042 | Orc:2    | Found a roughly hewn altar of Beogh.
 22043 | Orc:2    | Found Meufin's Jewellery Emporium.
 22067 | Orc:2    | Bought the ring "Jentara" {-Tele rElec rPois rN+ Int+4} for 410 gold pieces
 22280 | Orc:2    | Received a gift from Nemelex Xobeh
 22291 | Orc:2    | Found Metam's Antique Armour Shop.
 22292 | Orc:2    | Found a roughly hewn altar of Beogh.
 22293 | Orc:2    | Found Kiuqikk's Antique Weapon Boutique.
 22440 | Orc:2    | Found a roughly hewn altar of Beogh.
 22457 | Orc:2    | Found a roughly hewn altar of Beogh.
 22534 | Orc:2    | Found a roughly hewn altar of Beogh.
 22630 | Orc:2    | Bought a runed scarf for 208 gold pieces
 22768 | Orc:2    | Bought an uncursed ring of protection from cold for 250 gold pieces
 22953 | Snake:1  | Entered Level 1 of the Snake Pit
 23091 | Snake:1  | Received a gift from Nemelex Xobeh
 23495 | Snake:1  | Received a gift from Nemelex Xobeh
 23564 | Snake:1  | Noticed Louise
 23585 | Snake:1  | Killed Louise
 24445 | Snake:2  | Received a gift from Nemelex Xobeh
 24778 | Snake:2  | Learned a level 3 spell: Gell's Gravitas
 24783 | Snake:2  | Learned a level 4 spell: Passage of Golubria
 25285 | Snake:3  | Received a gift from Nemelex Xobeh
 25578 | Snake:3  | Received a gift from Nemelex Xobeh
 25773 | Snake:3  | Received a gift from Nemelex Xobeh
 25998 | Snake:4  | Entered Level 4 of the Snake Pit
 26168 | Snake:4  | Reached skill level 13 in Unarmed Combat
 26469 | Snake:4  | Found Hurgh's Distillery.
 26525 | Snake:4  | Reached XP level 17. HP: 134/172 MP: 25/25
 26527 | Snake:4  | Bought a potion of heal wounds for 90 gold pieces
 26527 | Snake:4  | Bought a potion of invisibility for 144 gold pieces
 26527 | Snake:4  | Bought a potion of invisibility for 144 gold pieces
 27209 | Snake:4  | Received a gift from Nemelex Xobeh
 27332 | Snake:4  | Reached skill level 10 in Armour
 27558 | Snake:4  | Got a serpentine rune of Zot
 27809 | Shoals:1 | Entered Level 1 of the Shoals
 28301 | Shoals:1 | Received a gift from Nemelex Xobeh
 28859 | Shoals:2 | Received a gift from Nemelex Xobeh
 29651 | Shoals:3 | Received a gift from Nemelex Xobeh
 29861 | Shoals:3 | Reached skill level 14 in Unarmed Combat
 29968 | Shoals:3 | Received a gift from Nemelex Xobeh
 30363 | Shoals:4 | Entered Level 4 of the Shoals
 31271 | Shoals:4 | Reached XP level 18. HP: 184/184 MP: 26/26
 31558 | Shoals:4 | Received a gift from Nemelex Xobeh
 32018 | Shoals:4 | Got a barnacled rune of Zot
 32057 | Shoals:4 | Noticed Ilsuiw
 32058 | Shoals:4 | Noticed Ilsuiw
 32058 | Shoals:4 | Ilsuiw changed into Ilsuiw the sphinx
 32059 | Shoals:4 | Killed Ilsuiw the sphinx
 32781 | Vaults:1 | Entered Level 1 of the Vaults
 32831 | Vaults:1 | Reached skill level 1 in Charms
 32847 | Vaults:1 | Learned a level 2 spell: Song of Slaying
 32860 | Vaults:1 | Found a ruined gateway.
 32873 | Desolati | Entered the Desolation of Salt
 32873 | Desolati | Noticed Dominolapin's ghost (adept BaIE)
 32903 | Desolati | Killed Dominolapin's ghost
 32922 | Desolati | Received a gift from Nemelex Xobeh
 33043 | Desolati | Identified Vose's Reference Book on Burning Aid
 33110 | Desolati | Identified Sif Muna's Handbook of Ignition and Transmutation
 33116 | Desolati | Got a clouded golden ring
 33118 | Desolati | Identified the ring of Dioq {MP+9 Slay+3} (You found it in the Desolation of Salt)
 33164 | Desolati | Received a gift from Nemelex Xobeh
 33494 | Vaults:1 | Reached skill level 15 in Unarmed Combat
 33527 | Vaults:1 | Learned a level 2 spell: Swiftness
 34297 | Vaults:1 | Received a gift from Nemelex Xobeh
 34703 | Vaults:2 | Reached XP level 19. HP: 144/193 MP: 28/28
 35038 | Vaults:2 | Received a gift from Nemelex Xobeh
 35359 | Vaults:2 | Reached skill level 5 in Charms
 35531 | Vaults:2 | Received a gift from Nemelex Xobeh
 36455 | Vaults:2 | Upgraded the game from 0.20-a0-1116-gaa52201 to 0.20-a0-1117-g62da73f
 36965 | Vaults:3 | Received a gift from Nemelex Xobeh
 37236 | Vaults:3 | Reached skill level 16 in Unarmed Combat
 37435 | Vaults:3 | Received a gift from Nemelex Xobeh
 38024 | Vaults:3 | Got a crude amber ring
 38026 | Vaults:3 | Identified the ring "Omaun" {rF+ Int+4} (You found it on level 3 of the Vaults)
 38071 | Vaults:3 | Found a staircase to the Crypt.
 38071 | Vaults:3 | Found a basalt altar of Yredelemnul.
 38072 | Vaults:3 | Found an ancient bone altar of Kikubaaqudgha.
 38172 | Vaults:3 | Received a gift from Nemelex Xobeh
 38180 | Vaults:3 | Found Ekiuporch's General Store.
 39486 | Vaults:4 | Reached XP level 20. HP: 181/205 MP: 29/29
 39681 | Vaults:4 | Found Zaris's Jewellery Shoppe.
 39686 | Vaults:4 | Received a gift from Nemelex Xobeh
 39690 | Vaults:4 | Bought an uncursed ring of protection from magic for 425 gold pieces
 40103 | Vaults:4 | Found Jozapoga's Food Shop.
 40103 | Vaults:4 | Received a gift from Nemelex Xobeh
 40127 | Vaults:4 | Found Behim's Jewellery Shop.
 40329 | Vaults:4 | Received a gift from Nemelex Xobeh
 40660 | Vaults:5 | Entered Level 5 of the Vaults
 40660 | Vaults:5 | Noticed a golden dragon
 40662 | Vaults:5 | Noticed a golden dragon
 40664 | Vaults:5 | Reached skill level 5 in Evocations
 40666 | Vaults:5 | Killed a golden dragon
 40674 | Vaults:5 | Killed a golden dragon
 40772 | Vaults:5 | Cast into level 2 of the Abyss (a deep elf sorcerer)
 40772 | Abyss:2  | Received a gift from Nemelex Xobeh
 40973 | Abyss:2  | Noticed a bone dragon
 41007 | Abyss:2  | Killed a bone dragon
 41283 | Abyss:2  | Received a gift from Nemelex Xobeh
 41381 | Abyss:2  | Received a gift from Nemelex Xobeh
 41613 | Abyss:2  | Noticed an ancient lich
 41620 | Abyss:2  | Found a corrupted altar of Lugonu.
 41633 | Abyss:2  | Received a gift from Nemelex Xobeh
 41635 | Abyss:2  | HP: 3/208 [frost giant/bolt of cold (31)]
 41786 | Abyss:2  | Found a corrupted altar of Lugonu.
 41864 | Abyss:2  | Found a corrupted altar of Lugonu.
 41917 | Vaults:5 | Escaped the Abyss
 42199 | Vaults:5 | Reached skill level 17 in Unarmed Combat
 42618 | Vaults:5 | Reached XP level 21. HP: 186/215 MP: 31/31
 42835 | Vaults:5 | Reached skill level 15 in Invocations
 43000 | Vaults:5 | Noticed a shard shrike
 43000 | Vaults:5 | a titan changed into a shard shrike
 43006 | Vaults:5 | Killed a shard shrike
 43301 | Vaults:5 | Noticed a golden dragon
 43317 | Vaults:5 | Killed a golden dragon
 43317 | Vaults:5 | Reached skill level 15 in Fighting
 43691 | Vaults:5 | Received a gift from Nemelex Xobeh
 44794 | Vaults:5 | Noticed a golden dragon
 44810 | Vaults:5 | Killed a golden dragon
 45126 | Vaults:5 | Got a silver rune of Zot
 45138 | Vaults:5 | Identified the Catalogue of Conjuration and the Glacier
 45412 | Vaults:5 | Reached skill level 18 in Unarmed Combat
 46315 | Depths:1 | Entered Level 1 of the Depths
 46374 | Depths:1 | Found a shattered altar of Ashenzari.
 46384 | Depths:1 | Received a gift from Nemelex Xobeh
 46422 | Depths:1 | Found a gateway to Hell.
 46928 | Depths:1 | Found a one-way gate to the infinite horrors of the Abyss.
 47154 | Depths:1 | Received a gift from Nemelex Xobeh
 47418 | Depths:1 | Found a portal to a secret trove of treasure.
 47542 | Depths:2 | Found Wodda's Distillery.
 47548 | Depths:2 | Reached XP level 22. HP: 205/230 MP: 33/33
 47550 | Depths:2 | Bought a potion of heal wounds for 50 gold pieces
 47550 | Depths:2 | Bought a potion of cancellation for 80 gold pieces
 47550 | Depths:2 | Bought a potion of might for 40 gold pieces
 48016 | Depths:2 | Noticed a caustic shrike
 48042 | Depths:2 | Killed a caustic shrike
 48365 | Depths:2 | Received a gift from Nemelex Xobeh
 49568 | Depths:3 | Found a magical portal.
 49591 | Depths:3 | Received a gift from Nemelex Xobeh
 49885 | Depths:3 | Reached skill level 19 in Unarmed Combat
 50063 | Depths:3 | Identified the Handbook of Slavery
 50068 | Depths:3 | Learned a level 1 spell: Summon Butterflies
 50427 | Depths:3 | Paralysed by a hornet for 1 turns
 50576 | Depths:3 | Identified Kouduho's Almanac of Contamination
 50727 | Depths:3 | Received a gift from Nemelex Xobeh
 50834 | Depths:3 | Identified the Compendium of Heat
 51035 | Depths:3 | Found a one-way gate leading to the halls of Pandemonium.
 51154 | Depths:3 | Paralysed by a vampire knight for 5 turns
 51158 | Depths:3 | HP: 5/231 [ogre/giant spiked club[a boggart] (11)]
 51158 | Depths:3 | Killed from afar by an ogre mage

Vault maps used:
D:1:      dpeg_arrival_boxes_within_box, grunt_decor_arrowhead
D:2:      grunt_temple_overflow_open
D:3:      kennysheep_ying_yang, tso_altar, kennysheep_generic_room_15
D:4:      first_bread, uniq_ijyb, uniq_blork_the_orc, uniq_edmund
D:5:      lemuel_coloured_pillars_altar, vehumet_crystals, enter_ossuary_2
D:6:      cheibrodos_helix_gallery, minmay_temple_entry_nine_rooms,
          serial_shops, shop
D:7:      serial_shops, nicolae_shop_trees
D:8:      lair_entry_dummy, uniq_psyche, uniq_maurice, uniq_pikel
D:10:     uniq_grum
D:11:     hangedman_little_slice_of_home, uniq_snorg
D:12:     orc_0_dummy, uniq_nessos
D:13:     eino_tiny_chamber, st_stairs_11
D:14:     minmay_ice_pillars, david_vaults_3, fedhas_altar_1, uniq_rupert
D:15:     gammafunk_enter_depths_forms, small_statue_alley_a, serial_shops,
          nicolae_shop_stone, uniq_agnes
Lair:1:   basic_altar, portal_ice_cave_demonic_guard
Lair:2:   minmay_snake_entry_guardpost_small, nicolae_quartered_pool_little,
          st_stairs_7, serial_bayou_shore_b
Lair:3:   elwin_shoals_entry_rooms, serial_bayou_shore_b, lemuel_fruit_tree
Lair:5:   dpeg_slime_entry_enclosed_altar, grunt_megastairs_2,
          lemuel_fruit_fields, infiniplex_staircase_pool,
          minmay_lair_oklob_chamber
Lair:6:   minmay_lair_end_enchanted_forest, serial_bayou, serial_bayou_lake_a,
          serial_bayou_pond_e, serial_bayou_lagoon_b, serial_bayou_pond_e,
          grunt_forest_stairs_basic, lemuel_fruit_fields
Shoals:1: nicolae_shoals_seven_spires
Shoals:2: nicolae_shoals_siren_and_animal_friends
Shoals:4: shoals_end_hangedman, shoals_ilsuiw_ice
Snake:1:  grunt_ministairs_9, uniq_louise
Snake:4:  minmay_snake_end_coiled, serial_shops, shop_fountains,
          grunt_ministairs_2, serial_bayou_pond_b
Orc:1:    nicolae_orc_tapped_out
Orc:2:    grunt_orc_community_town_hall, grunt_orc_community_big_house_1,
          grunt_orc_community_big_house_1, grunt_orc_community_house_1,
          grunt_orc_community_house_2, grunt_orc_community_house_1,
          grunt_orc_community_house_2, grunt_orc_community_house_3,
          enter_volcano_1
Vaults:1: ontoclasm_vaults_ring_small, v_misc_15, v_misc_33, vaults_room_pools,
          hangedman_vaults_locks, vaults_dpeg_hooks, vaults_standard_mumra_x,
          nicolae_vaults_theta, vaults_mumra_chevron_long, v_misc_19,
          ontoclasm_vaults_chip, nicolae_vaults_little_squares_2,
          ontoclasm_vaults_fault, portal_desolation_entry_nicolae_slug
Vaults:2: vaults_mumra_hexcomb, nicolae_vaults_rhombus_7, v_misc_2,
          hangedman_vaults_stagger, ontoclasm_vaults_ligature,
          hangedman_vaults_corner_blocks, vaults_room_corners,
          dpeg_vaults_monster_box
Vaults:3: nicolae_vaults_three_branches, ontoclasm_vaults_twist, serial_ice_g,
          grunt_vaults_trifunnel, nicolae_vaults_yaktaur_gun_rack, v_misc_10,
          v_alt_pattern_1, minmay_crypt_entry_necro_gods, v_pattern_2,
          v_misc_26, vaults_dpeg_cross, grunt_vaults_hallway_short,
          nicolae_vaults_specimen_jars, nicolae_vaults_diagonal_hallway_6,
          serial_shops, nicolae_shop_stone
Vaults:4: nicolae_vaults_little_squares_2, hangedman_vaults_unwind,
          vaults_room_large_hall, vaults_room_door_ring, v_misc_30,
          vaults_dpeg_diagonal, grunt_vaults_funnel, nicolae_vaults_rhombus_6,
          ontoclasm_vaults_gateway, nicolae_vaults_little_ls, serial_shops,
          shop, shop, nicolae_shop_crystal
Depths:1: lightli_too_deep, minmay_misc_feat_chi, nicolae_trove_entry_diagonal,
          abyss_entry, minmay_misc_feat_room, minmay_holes, serial_bayou_pond_a,
          spider_trap, hangedman_decor_lopped, evilmike_ruin_ashenzari
Depths:2: minmay_octo_star, minmay_curled_crystal, hellmouth_1, serial_shops,
          nicolae_shop_stone, kennysheep_nondecorative_pillar,
          minmay_staircase_statues
Depths:3: regret_index_dithmenos_brocken_genspenst, mu_enter_wizlab_4,
          serial_hangedman_research, hangedman_research_pyrotechnics,
          hangedman_research_quantum, hangedman_research_toxicology,
          hangedman_research_convocations, hangedman_research_metamorphosis,
          hell_entry, minmay_misc_feat_hallway, grunt_pan_entry_zigzag,
          spider_trap, infiniplex_staircase_pool_1
Ossuary:  ossuary_tomb_1
Volcano:  volcano_village

Skill      XL: |  1  2  3  4  5  6  7  8  9 10 11 12 13 14 15 16 17 18 19 20 21 22 |
---------------+-------------------------------------------------------------------+-----
Dodging        | 2 3 4 5 6 7 9 |  9.0
Fighting       | 2 3 4 5 6 7 8 9 10 11 12 13 14 15 16 | 16.5
Unarmed Combat | 3 4 5 6 7 8 9 10 11 12 13 14 15 16 17 18 19 | 19.2
Invocations    | 1 2 3 4 5 7 8 9 10 11 12 13 14 16 17 | 17.1
Translocations | 3 4 6 |  6.5
Evocations     | 1 3 6 7 |  7.5
Shields        | 4 7 9 |  9.0
Armour         | 4 6 9 10 11 12 | 12.0
Charms         | 4 5 |  5.0
Spellcasting   | 3 4 |  4.2
Throwing       | |  0.8

Action                   |  1- 3 |  4- 6 |  7- 9 | 10-12 | 13-15 | 16-18 | 19-21 | 22-24 || total
-------------------------+-------+-------+-------+-------+-------+-------+-------+-------++-------
Melee: Unarmed           |   125 |   189 |   371 |   697 |  1253 |  2090 |  1742 |   777 ||  7244
       Punch             |     2 |     2 |     9 |    17 |       |       |       |       ||    30
       Whip              |       |       |       |     4 |       |       |       |       ||     4
Throw: Tomahawk          |     5 |       |     3 |     1 |       |       |       |       ||     9
 Cast: Blink             |       |       |       |     4 |     1 |       |     4 |     2 ||    11
       Teleport Other    |       |       |       |     1 |       |       |       |       ||     1
       Song of Slaying   |       |       |       |       |       |     4 |     2 |       ||     6
Invok: Deal Four         |       |       |       |       |     3 |     4 |     6 |       ||    13
       Stack Five        |       |       |       |       |     1 |     2 |     3 |     1 ||     7
       Triple Draw       |       |       |       |       |       |       |     1 |       ||     1
 Abil: Evoke Flight      |       |       |       |       |       |       |     4 |       ||     4
Evoke: Deck              |       |     7 |    15 |    37 |    30 |    62 |    76 |    12 ||   239
       Wand              |       |       |     1 |     8 |     3 |     2 |    15 |     3 ||    32
       Phial of floods   |       |       |       |       |     1 |       |       |       ||     1
       Lightning rod     |       |       |       |       |       |       |     4 |       ||     4
       Box of beasts     |       |       |       |       |       |       |     1 |       ||     1
  Use: Scroll            |       |     2 |    11 |    19 |    10 |     7 |    33 |     2 ||    84
       Potion            |       |       |     1 |       |    11 |     4 |    11 |     1 ||    28
 Stab: Sleeping          |     2 |       |     5 |     6 |       |       |       |       ||    13
       Distracted        |       |       |       |     2 |     2 |     3 |     1 |       ||     8
       Petrified         |       |       |       |       |     5 |     3 |       |       ||     8
       Invisible         |       |       |       |       |       |     2 |       |       ||     2
  Eat: Chunk             |    18 |    14 |    35 |    69 |    83 |   117 |   105 |    35 ||   476
       Fruit             |       |       |       |       |       |     2 |     2 |       ||     4
       Meat ration       |       |       |       |       |       |     2 |       |       ||     2
       Bread ration      |       |       |       |       |       |     1 |     1 |       ||     2
       Royal jelly       |       |       |       |       |       |       |     2 |       ||     2
Armor: Robe              |    47 |    61 |    91 |   141 |    54 |       |       |       ||   394
       Acid dragon scale |       |       |       |       |   279 |       |       |       ||   279
       Fire dragon scale |       |       |       |       |       |   596 |   441 |   190 ||  1227
       Ice dragon scales |       |       |       |       |       |       |     4 |       ||     4
Dodge: Dodged            |    62 |    84 |   220 |   329 |   346 |   581 |   447 |   183 ||  2252
       Deflected         |       |       |       |       |       |    70 |    36 |    12 ||   118
Block: Shield            |       |       |       |   113 |   674 |  1216 |   939 |   419 ||  3361
